 Dungeon Crawl Stone Soup version 0.25-a0-167-g836c352ace (webtiles) character file.

Game seed: 16182535616324531396, levelgen mode: deterministic

15 MisterFreud the Charlatan (level 2, 0/13 HPs)
             Began as a Felid Artificer on Nov 25, 2019.
             Succumbed to an adder's poison
             ... on level 2 of the Dungeon.
             The game lasted 00:01:03 (175 turns).

MisterFreud the Charlatan (Felid Artificer)          Turns: 175, Time: 00:01:03

Health: 0/13       AC:  1    Str:  8    XL:     2   Next: 34%
Magic:  5/5        EV: 18    Int: 14    God:
Gold:   6          SH:  0    Dex: 16    Spells: 1/1 levels left
                                        Lives:  0   Deaths: 0

rFire    . . .     SeeInvis +     - Unarmed
rCold    . . .     Gourm    .   (shield unavailable)
rNeg     . . .     Faith    .   (armour unavailable)
rPois    .         Spirit   .   (helmet unavailable)
rElec    .         Reflect  .   (cloak unavailable)
rCorr    .         Harm     .   (gloves unavailable)
MR       +....                  (boots unavailable)
Stlth    ++........             (no amulet)
HPRegen  0.04/turn              (no ring)
MPRegen  0.09/turn              (no ring)

@: lethally poisoned (0 -> -4), quick
A: very small, no armour, no weapons or thrown items, stealth, claws 1, fangs 3,
see invisible, carnivore, clever 1, speed 1, high mp 1, magic resistance 1,
shaggy fur 1, slow metabolism 1, sharp paws
a: no special abilities


You were on level 2 of the Dungeon.
You were full.

You visited 1 branch of the dungeon, and saw 2 of its levels.

You collected 6 gold pieces.

Inventory:

Wands
 a - a wand of flame (15)
 b - a wand of enslavement (15)
 c - a wand of random effects (15)
Comestibles
 d - a ration


   Skills:
 * Level 2.4 Fighting
 - Level 2.6 Dodging
 - Level 1.3 Stealth
 - Level 1.0 Unarmed Combat
 - Level 3.2 Evocations


You had one spell level left.
You didn't know any spells.
Your spell library was empty.

Dungeon Overview and Level Annotations

Branches:
Dungeon (1/15)

Altars:
Ru


Innate Abilities, Weirdness & Mutations

You cannot wear armour.
You are incapable of wielding weapons or throwing items.
Your paws allow you to move quietly. (Stealth)
You have sharp claws.
You have razor-sharp teeth.
You have supernaturally acute eyesight. (SInv)
You are carnivorous and can eat meat at any time.
You cover ground quickly.
You are covered in fur. (AC +1)
You have a slow metabolism.
Your sharp claws are effective at attacking unaware monsters.
Your mind is acute. (Int +2)
You have an increased reservoir of magic. (+10% MP)
You are resistant to hostile enchantments. (MR+)


Message History

* * * LOW HITPOINT WARNING * * *
You feel sick.
Things that are here:
a scroll labeled XOSHYLITEFA; a scroll labeled FOCINKENED; an adder corpse
Okay, then.
As you read the scroll labeled FOCINKENED, it crumbles to dust.
You feel blessed for a moment.
It was a scroll of remove curse.
The hobgoblin shouts!
The leopard gecko misses you.
Found 7 bolts and 11 gold pieces.
* * * LOW HITPOINT WARNING * * *
You feel sick.
The hobgoblin hits you but does no damage.
Found a scroll labeled XOSHYLITEFA.
You see here a scroll labeled HEAN FEUPNAHI.
* * * LOW HITPOINT WARNING * * *
You feel sick.
Found a ruby potion.
You see here a scroll labeled XOSHYLITEFA.
You die...

. #...w...S....#
#.####.##....###...
#.###.......#
#.####S####.#.
#.............
###....g###.##
#.#.#.# ##
#.#.#l###...## #
#.#?@.!.....
#.#######.## #. #.
#.


You could see an adder, a leopard gecko and a hobgoblin.

Vanquished Creatures
  An adder (D:2)
  2 giant cockroaches (D:1)
  A goblin (D:1)
  A kobold (D:1)
  A rat (D:1)
6 creatures vanquished.

Notes
Turn   | Place    | Note
-------+----------+-------------------------------------------
     0 | D:1      | MisterFreud the Felid Artificer began the quest for the
                  | Orb.
     0 | D:1      | Reached XP level 1. HP: 9/9 MP: 4/4
   143 | D:1      | You fall into a shaft and drop 1 floor!
   146 | D:2      | Found a sacrificial altar of Ru.
   161 | D:2      | Gained mutation: You have an increased reservoir of magic.
                  | (+10% MP) [potion of mutation]
   161 | D:2      | Gained mutation: Your mind is acute. (Int +2) [potion of
                  | mutation]
   161 | D:2      | Gained mutation: You are resistant to hostile enchantments.
                  | (MR+) [potion of mutation]
   162 | D:2      | Reached XP level 2. HP: 3/13 MP: 5/5
   175 | D:2      | Succumbed to an adder's poison

Levels and vault maps discovered:
D:1:      dpeg_arrival_windows_large_door, layout_rooms, minmay_misc_feat_roman,
          patterned_corridor
D:2:      layout_loops_ring, nicolae_overflow_crystal_walls,
          hangedman_decor_lopped, nicolae_ru_great_annihilating_truth

Skill      XL: |  1 |
---------------+----+-----
Fighting       | 2 |  2.4
Dodging        | |  2.6
Stealth        | |  1.3
Unarmed Combat | |  1.0
Evocations     | |  3.2

Action                   || total
-------------------------++-------
Melee: Unarmed           ||    28
       Bite              ||     2
  Use: Potion            ||     1
       Scroll            ||     1
 Stab: Distracted        ||     1
       Sleeping          ||     1
  Eat: Chunk             ||     3
Armor: Skin              ||     1
Dodge: Dodged            ||    29

Table legend:
 A = Non-vault XP
 B = Vault XP
 C = Vault XP percentage of total XP
 D = Non-vault monster count
 E = Vault monster count
 F = Vault count percentage of total count
                 A         B        C        D         E       F
            +---------+---------+-------+---------+---------+-------
      Total |      22 |       0 |   0.0 |       6 |       0 |   0.0
            +---------+---------+-------+---------+---------+-------
        D:1 |       8 |       0 |   0.0 |       5 |       0 |   0.0
        D:2 |      14 |       0 |   0.0 |       1 |       0 |   0.0
            +---------+---------+-------+---------+---------+-------
